[Event "26th Womens ECCC 2022"]
[Site "Mayrhofen"]
[Date "2022.10.06"]
[Round "4.2"]
[White "Ushenina, Anna"]
[Black "Saduakassova, Dinara"]
[Result "1/2-1/2"]
[ECO "E46"]
[WhiteElo "2445"]
[BlackElo "2434"]
[Annotator "TA"]
[PlyCount "80"]
[EventDate "2022.10.03"]
[EventType "team-tourn"]
[EventCountry "AUT"]
[SourceTitle "playchess.com"]
[Source "ChessBase"]
[SourceQuality "1"]
[TimeControl "40/5400+30:1800+30"]

1. d4 Nf6 2. c4 e6 3. Nc3 Bb4 4. e3 O-O 5. Bd2 d5 6. Nf3 b6 7. cxd5 exd5 8. Rc1 a6 9. Bd3 Bb7 10. O-O Bd6 11. Ne5 {[%emt 0:00:31] E52: Nimzo-Indian: Rubinstein: 4...0-0 5 Nf3 d5 6 Bd3 b6.} c5 12. f4 Nc6 13. Ng4 $1 {[%emt 0:01:19] The main line 13.Ng4 scores better than 13.Ne2.} Be7 14. Nxf6+ Bxf6 15. dxc5 (15. Qh5 g6 16. Qf3 Nb4 $15) 15... bxc5 ({Not} 15... Nb4 16. Bb1 $16) 16. b3 ({Much worse is} 16. Qh5 g6 17. Qh3 (17. Qxd5 $2 Bxc3 18. Qxd8 Rfxd8 $19) 17... Re8 $15) 16... c4 17. bxc4 Nb4 18. Bb1 {[%emt 0:03:55] [#] Threatens to win with a3.} dxc4 19. Ne4 Bxe4 20. Bxe4 c3 (20... Nd3 {is more complex.} 21. Bxa8 Nxc1 22. Qxc1 Qxa8 23. Qxc4 Rc8) 21. Bxc3 {[%emt 0:07:28] A strong pair of Bishops.} Qxd1 {[%emt 0:00:51] [#]} 22. Rcxd1 $146 ({Predecessor:} 22. Rfxd1 Nxa2 23. Bxf6 Nxc1 24. Bxa8 Rxa8 25. Bb2 Nb3 26. Kf2 a5 27. Kf3 a4 28. Ba3 {½-½ (83) Berdayes Ason,D (2445)-Mekhitarian,K (2554) Tornelo INT 2021}) 22... Bxc3 23. Bxa8 Rxa8 24. a3 Nc2 25. Rc1 Nxe3 {[%emt 0:00:11] [#] And now ...Bd2 would win.} 26. Rxc3 Nxf1 27. Kxf1 $11 {[%emt 0:00:04][%mdl 4096] Endgame KR-KR} h5 28. Rc6 Rd8 29. Rxa6 Rd4 30. g3 Rd2 31. h4 Ra2 32. f5 Kf8 33. Ra7 Rc2 34. Ra8+ (34. a4 $14) 34... Ke7 {[%emt 0:00:13] The position is equal.} 35. Rh8 Ra2 36. Rxh5 Kf6 37. Rh7 Rxa3 38. Kg2 Ra5 39. g4 Ra2+ 40. Kg3 Ra3+ {[%emt 0:00:04] Weighted Error Value: White=0.07 (flawless) /Black=0.03 (flawless)} 1/2-1/2

[Event "26th Womens ECCC 2022"]
[Site "Mayrhofen"]
[Date "2022.10.06"]
[Round "4.3"]
[White "Atalik, Ekaterina"]
[Black "Osmak, Yuliia"]
[Result "1/2-1/2"]
[ECO "D26"]
[WhiteElo "2406"]
[BlackElo "2428"]
[Annotator "TA"]
[PlyCount "61"]
[EventDate "2022.10.03"]
[EventType "team-tourn"]
[EventCountry "AUT"]
[SourceTitle "playchess.com"]
[Source "ChessBase"]
[SourceQuality "1"]
[TimeControl "40/5400+30:1800+30"]

1. d4 d5 2. c4 dxc4 3. Nf3 Nf6 4. e3 e6 5. Bxc4 a6 6. O-O Nbd7 {[%emt 0:00:06] D26: Queen's Gambit Accepted: 4 e3 e6 5 Bxc5 c5 sidelines.} 7. b3 b6 8. Bb2 Bb7 {[%emt 0:00:05] Inhibits d5.} 9. Nbd2 Be7 10. Be2 O-O 11. Nc4 c5 12. Rc1 b5 13. Nce5 Rc8 {[%emt 0:01:27] [#]} 14. dxc5 $146 (14. a4 {seems wilder.} bxa4 15. bxa4 cxd4 16. Bxd4 Bc5 17. Nxd7 Nxd7 18. Qd3) ({Predecessor:} 14. a4 bxa4 15. bxa4 Nxe5 16. Nxe5 Qb6 17. Nc4 Qa7 18. a5 Rcd8 19. Nb6 Qb8 20. Ba3 {1-0 (39) Grischuk,A (2795)-Karjakin,S (2770) Sochi 2014}) 14... Nxc5 15. Qd4 Qxd4 16. Nxd4 Nd5 17. Nd3 Nxd3 18. Bxd3 Bf6 19. Be4 Ba8 20. Bxd5 Bxd5 21. f3 Bb7 22. Kf2 Rfd8 23. Rxc8 Rxc8 24. Rc1 Rxc1 25. Bxc1 Bxd4 {[%emt 0:02:33] The position is equal.} 26. exd4 $11 {[%emt 0:00:20] KB-KB} a5 27. Bd2 a4 28. bxa4 bxa4 29. Bb4 Bd5 30. a3 f6 31. Ke3 {[%emt 0:00:45] An even fight not without its subleties.  Weighted Error Value: White=0.06 (flawless) /Black=0.03 (flawless)} 1/2-1/2

[Event "26th Womens ECCC 2022"]
[Site "Mayrhofen"]
[Date "2022.10.06"]
[Round "4.4"]
[White "Maltsevskaya, Aleksandra"]
[Black "Efroimski, Marsel"]
[Result "1-0"]
[ECO "B32"]
[WhiteElo "2389"]
[BlackElo "2462"]
[Annotator "TA"]
[PlyCount "65"]
[EventDate "2022.10.03"]
[EventType "team-tourn"]
[EventCountry "AUT"]
[SourceTitle "playchess.com"]
[Source "ChessBase"]
[SourceQuality "1"]
[TimeControl "40/5400+30:1800+30"]

1. e4 c5 2. Nf3 Nc6 3. d4 cxd4 4. Nxd4 e5 5. Nb5 d6 6. a4 a6 {[%emt 0:00:11] B32: Sicilian: Löwenthal and Kalashnikov Variations.} 7. N5a3 Be6 8. Bc4 Bxc4 (8... Be7 $11 {keeps the balance.}) 9. Nxc4 $16 {[%emt 0:00:06] [#]} Rc8 $146 ({Predecessor:} 9... Nf6 10. Nc3 Rc8 11. a5 Nd4 12. Nb6 Rc5 13. O-O Rxa5 14. Rxa5 Qxb6 15. Ra2 Be7 {1-0 (47) Recuero Guerra,J (2226)-Damnjanovic,R (2262) Chess.com INT 2020}) 10. O-O {[%emt 0:06:54] White is more active.} Nf6 11. Bg5 Nd4 12. Nba3 h6 (12... Ne6 $142 13. Bxf6 Qxf6) 13. Bxf6 Qxf6 14. c3 Nc6 (14... Ne6 $16) 15. b4 Qg6 (15... Qd8 {was worth a try.} 16. a5 Be7) 16. b5 Nd8 17. Nb6 Rc5 18. bxa6 bxa6 19. Qd3 ({Don't play} 19. Nac4 $6 Qxe4 20. Qxd6 (20. Nxd6+ Bxd6 21. Qxd6 Qc6 $11) 20... Qc6 $14) 19... Be7 20. Qxa6 Qxe4 {[%emt 0:01:09] [#]} 21. a5 $1 {[%emt 0:00:07] And now Qa7 would win.} ({Much less strong is} 21. Qa7 $6 Qb7 22. Qxb7 Nxb7 $14) 21... Ne6 22. Qa7 Qc6 {[%emt 0:11:29] [#] Prevents Qd7+.} (22... Rc7 $14 23. Qb8+ Bd8) 23. Nc2 $2 (23. a6 $1 $18) 23... Nf4 $1 $11 24. Ne3 {[%emt 0:06:35] c4 is the strong threat. Dancing on a razor blade.} Bd8 $2 (24... Rxc3 $14 25. Ned5 Nxd5 26. Nxd5 Qxd5 27. Qb8+ Bd8) 25. c4 $18 {[%emt 0:00:40] Threatens to win with Rfb1.} Bc7 (25... O-O {was called for.} 26. Nd7 Rxa5 27. Rxa5 Bxa5 28. Nxf8 Bb6) 26. Ned5 {[%emt 0:07:29] Pair of Knights!} Ne6 $2 (26... Nxd5 27. cxd5 Qb5 28. Qa8+ Bd8) 27. a6 {[%emt 0:01:15][%cal Ba5a6,Ba6a7][%mdl 32] White is clearly winning.} f6 28. Nxc7+ Nxc7 29. Qb8+ Kf7 30. Qxh8 Qxb6 31. a7 Ra5 32. Rxa5 Qxa5 33. Qb8 {[%emt 0:00:05] Weighted Error Value: White=0.27 (precise) /Black=0.68} 1-0

[Event "26th Womens ECCC 2022"]
[Site "Mayrhofen"]
[Date "2022.10.06"]
[Round "4.5"]
[White "Muzychuk, Anna"]
[Black "Salimova, Nurgyul"]
[Result "1/2-1/2"]
[ECO "C80"]
[WhiteElo "2534"]
[BlackElo "2415"]
[Annotator "TA"]
[PlyCount "79"]
[EventDate "2022.10.03"]
[EventType "team-tourn"]
[EventCountry "AUT"]
[SourceTitle "playchess.com"]
[Source "ChessBase"]
[SourceQuality "1"]
[TimeControl "40/5400+30:1800+30"]

1. e4 e5 2. Nf3 Nc6 3. Bb5 a6 4. Ba4 Nf6 5. O-O Nxe4 6. d4 b5 7. Bb3 d5 8. dxe5 Be6 9. Be3 Be7 10. c3 O-O 11. Nbd2 Bg4 $1 {[%emt 0:12:21][%mdl 4] is now more promising than 11...Qd7.} 12. h3 {[%emt 0:01:30] C83: Open Ruy Lopez: 9 c3 Be7.} Nxd2 13. hxg4 Nxf1 14. Kxf1 Na5 15. Bxd5 c6 16. Be4 Qxd1+ 17. Rxd1 Nc4 18. Bc1 Rad8 19. Re1 c5 20. g3 h6 21. Kg2 {[%emt 0:20:46] [#]} Rfe8 $146 ({Predecessor:} 21... g5 22. b3 Nb6 23. Bb7 a5 24. Bc6 b4 25. cxb4 axb4 26. e6 Rd6 27. exf7+ Rxf7 {1-0 (59) Shevchenko,K (2633)-Vidit,S (2727) Chess.com INT 2021}) 22. b3 Nb6 23. g5 hxg5 24. Nxg5 Nd5 25. Bh7+ {[%emt 0:24:20][%mdl 1024] White has compensation. This bishop pair is nice.} Kf8 {[%emt 0:00:15] ...Bxg5 is the strong threat.} 26. Ne4 Nc7 27. Rh1 Rd5 28. f4 Red8 {[%emt 0:00:43] [#] Hoping for ...Rd1.} 29. Bf5 Kg8 {[%emt 0:01:05] Against Rh8+} 30. Bh7+ Kf8 {[%emt 0:00:04] aiming for ...Rd1.} 31. Bf5 Kg8 {[%emt 0:00:05] Prevents Rh8+.} 32. Bg4 {[%emt 0:03:08] Against Rd1} c4 33. Be3 Ne6 34. b4 Rd3 35. Kf2 a5 (35... Nc7 $11) 36. bxa5 $16 Ra8 37. f5 $2 {[%emt 0:00:07] [#]} (37. Bb6 $18) 37... Nc7 (37... Nf8 $1 $11) 38. f6 (38. Be2 $14) 38... gxf6 $1 $11 39. exf6 Rxe3 40. Kxe3 {[%emt 0:00:58] Weighted Error Value: White=0.15 (very precise) /Black=0.12 (very precise)} 1/2-1/2

[Event "26th Womens ECCC 2022"]
[Site "Mayrhofen"]
[Date "2022.10.06"]
[Round "4.6"]
[White "Roebers, Eline"]
[Black "Stefanova, Antoaneta"]
[Result "1/2-1/2"]
[ECO "C70"]
[WhiteElo "2352"]
[BlackElo "2440"]
[Annotator "TA"]
[PlyCount "85"]
[EventDate "2022.10.03"]
[EventType "team-tourn"]
[EventCountry "AUT"]
[SourceTitle "playchess.com"]
[Source "ChessBase"]
[SourceQuality "1"]
[TimeControl "40/5400+30:1800+30"]

1. e4 e5 2. Nf3 Nc6 3. Bb5 a6 4. Ba4 Nge7 5. Nc3 d6 6. O-O {[%emt 0:01:37] C70: Ruy Lopez: 3...a6 4 Ba4, Norwegian and Delayed Schliemann.} h6 $1 {[%emt 0:03:58][%mdl 4] is currently scoring better than 6...Bd7.} 7. Re1 (7. Nd5 $16) 7... g5 $11 8. d4 {[%emt 0:09:17] [#]} b5 $146 ({Predecessor:} 8... g4 9. Nd5 Bg7 10. Nh4 b5 11. Bb3 Nxd4 12. g3 Nxd5 13. Bxd5 c6 14. c3 Nf3+ 15. Nxf3 cxd5 {0-1 (39) Matinian,N (2435)-Demchenko,A (2654) Chess.com INT 2022}) 9. Bb3 {[%emt 0:04:12] With the idea dxe5.} g4 10. Nd5 (10. Be3 gxf3 11. Qxf3 Rh7 $17) 10... Bg7 {[%emt 0:10:02] Prevents Nf6+.} 11. Nxe7 Nxe7 (11... Qxe7 $11 12. Bd5 Bd7) 12. Nh4 $14 ({Much worse is} 12. dxe5 gxf3 13. Qxf3 (13. exd6 Qxd6 14. Qxf3 O-O $17) 13... O-O $15) 12... exd4 13. Nf5 Nxf5 14. exf5+ Kf8 $1 15. Qxg4 Bb7 {[%emt 0:10:53] [#]} (15... Qf6 $1 $14) 16. Qh5 $1 $16 d5 17. Bf4 c5 18. f6 $40 {[%emt 0:00:57][%mdl 128] Black needs to defend precisely. White is much more active. The black rooks are badly placed.} ({White should try} 18. a3 $16) 18... Bxf6 $11 19. Bxh6+ {[%emt 0:02:06] [#]} (19. a4 $11) 19... Rxh6 $1 $17 20. Qxh6+ Bg7 21. Qf4 c4 22. Re2 d3 ({Black should play} 22... Qb8 $15 23. Qf5 Qd8) 23. cxd3 $1 $11 cxb3 24. axb3 d4 25. Rae1 Qd5 $2 (25... Qb8 $11 {and Black is okay.} 26. Qg5 Qd6) 26. f3 $18 Qxb3 $2 (26... Kg8 {keeps fighting.} 27. Re8+ Rxe8 28. Rxe8+ Kh7) 27. Re8+ $2 Rxe8 28. Qd6+ Kg8 29. Rxe8+ Kh7 30. Qe7 $2 (30. Qf4 $18) 30... Qd1+ 31. Kf2 $1 Qd2+ 32. Kg3 {[%emt 0:04:03] Really sharp!} Bd5 {[%emt 0:00:27] This bishop pair is nice.} 33. Qh4+ Kg6 {[%emt 0:00:40] Strongly threatening ...Be6.} 34. Qg4+ Qg5 35. h4 {[%emt 0:01:19][%mdl 64] Pin} Qxg4+ {[%emt 0:00:33] The position is equal.} 36. fxg4 a5 37. Kf4 Bxg2 38. Rb8 b4 39. Rb5 Bf1 40. Ke4 Bg2+ 41. Kf4 Bf1 42. Ke4 Bg2+ 43. Kf4 {[%emt 0:00:00] Weighted Error Value: White=0.35/Black=0.29 (precise)} 1/2-1/2

[Event "26th Womens ECCC 2022"]
[Site "Mayrhofen"]
[Date "2022.10.06"]
[Round "4.7"]
[White "Cramling, Pia"]
[Black "Wagner, Dinara"]
[Result "1/2-1/2"]
[ECO "A46"]
[WhiteElo "2459"]
[BlackElo "2390"]
[Annotator "TA"]
[PlyCount "68"]
[EventDate "2022.10.03"]
[EventType "team-tourn"]
[EventCountry "AUT"]
[SourceTitle "playchess.com"]
[Source "ChessBase"]
[SourceQuality "1"]
[TimeControl "40/5400+30:1800+30"]

1. d4 Nf6 2. Nf3 d5 3. c4 e6 4. e3 c5 5. cxd5 exd5 6. Bb5+ Bd7 7. Bxd7+ Nbxd7 8. dxc5 Nxc5 9. O-O Be7 10. Bd2 {[%emt 0:09:46] 10.b3 is the modern continuation. D30: Queen's Gambit Declined: Systems without Nc3.} O-O 11. Bc3 Nfe4 12. Bd4 Bf6 13. Nbd2 Rc8 14. Nb3 Nxb3 15. Bxf6 Nxf6 16. Qxb3 Qc7 {[%emt 0:00:17] [#]} 17. Nd4 $146 ({Predecessor:} 17. Rfd1 Rfe8 18. h3 h6 19. Nd4 Red8 20. Nb5 Qb6 21. Rac1 Rc6 22. Nd4 Qxb3 23. axb3 {½-½ (41) Poluljahov,A (2532)-Lysyj,I (2314) St Petersburg 2001}) 17... Ng4 {[%emt 0:01:51][%csl Gg4][%cal Rc7h2] [#]} 18. g3 Rfd8 19. Rad1 Qe7 20. Rc1 Qd7 21. Qb5 Qxb5 22. Nxb5 g6 23. Rfd1 Nf6 24. a3 a6 25. Nd4 Kf8 {[%emt 0:01:22] The position is equal.} 26. Kf1 Ke7 27. Ke2 Ne4 28. Nb3 Rxc1 29. Rxc1 $11 {[%emt 0:00:10][%mdl 4096] Endgame KRN-KRN} Nd6 30. Nd4 Rc8 31. Rxc8 Nxc8 32. Kd3 Kd6 33. f3 Nb6 34. b3 {[%emt 0:00:27] Prevents Nc4.} Nd7 {[%emt 0:00:05] Weighted Error Value: White=0.05 (flawless) /Black=0.04 (flawless)} 1/2-1/2

[Event "26th Womens ECCC 2022"]
[Site "Mayrhofen"]
[Date "2022.10.06"]
[Round "4.8"]
[White "Heinemann, Josefine"]
[Black "Paehtz, Elisabeth"]
[Result "1/2-1/2"]
[ECO "B12"]
[WhiteElo "2318"]
[BlackElo "2469"]
[Annotator "TA"]
[PlyCount "140"]
[EventDate "2022.10.03"]
[EventType "team-tourn"]
[EventCountry "AUT"]
[SourceTitle "playchess.com"]
[Source "ChessBase"]
[SourceQuality "1"]
[TimeControl "40/5400+30:1800+30"]

1. e4 c6 2. d4 d5 3. e5 Bf5 4. Nf3 e6 5. Be2 Nd7 6. O-O h6 7. Nbd2 Ne7 {[%emt 0:00:05] B12: Caro-Kann: Advance Variation.} 8. Nb3 a5 9. a4 Qb6 10. h3 Bh7 11. Bd2 Ng6 {[%emt 0:00:05] [#]} 12. Bd3 $146 ({Predecessor:} 12. Qe1 Bb4 13. Bxb4 Qxb4 14. Qxb4 axb4 15. Bd3 c5 16. Nxc5 Nxc5 17. dxc5 Ra5 18. Bb5+ {1-0 (44) So,W (2770)-Carlsen,M (2862) chess24.com INT 2020}) 12... Be7 13. g3 Qc7 (13... O-O $11) 14. Rc1 O-O 15. h4 Rfd8 16. Qe2 c5 17. c4 {[%emt 0:05:54] Strongly threatening cxd5.} Qb6 18. Nxa5 cxd4 19. cxd5 exd5 20. b4 {[%emt 0:03:22] Inhibits Nc5.} Re8 21. Bb5 {[%emt 0:07:00] White is more active.} ({Better is} 21. h5 $16 Ngf8 22. Bxh7+ Kxh7 23. Nb3) 21... Ngf8 (21... d3 $1 $11 22. Bxd3 Bf8) 22. Nb3 $16 d3 23. Qe3 (23. Bxd3 $16 {Black must now prevent a5.} Bxd3 24. Qxd3) 23... Qxe3 $11 24. Bxe3 {[%emt 0:00:18] Rc7 is the strong threat.} (24. fxe3 $5 Rec8 25. a5 $11) 24... Bxb4 25. Rc7 Nxe5 26. Nxe5 Rxe5 27. Rxb7 Ne6 28. Rd1 d4 29. Nxd4 Nxd4 30. Bxd4 Re1+ 31. Rxe1 Bxe1 32. Be3 Rd8 {[%emt 0:01:20] Hoping for ...d2.} 33. Rd7 (33. Bb6 $1 $11 d2 34. Be2) 33... Rxd7 $17 34. Bxd7 {[%emt 0:00:03][%mdl 4096] Endgame KBB-KBB} d2 $1 35. Bg4 Bc2 {[%emt 0:00:11] Prevents Bd1.} 36. Kf1 Bxa4 37. h5 Bb5+ (37... Bc2 $17 38. Bf3 f6) 38. Kg2 $15 Ba4 (38... g6 $15 39. hxg6 fxg6 40. Bxh6 Ba4) 39. Kf1 $17 f5 40. Bf3 Bb3 41. Bf4 Bc4+ (41... Kf7 $17 42. Be5 Bxf2 $1 43. Kxf2 d1=Q 44. Bxd1 Bxd1) 42. Kg2 $11 Bb3 (42... Kf7 $11) 43. Kf1 $17 Kf7 44. Be5 Bc4+ (44... Bc2 $17) 45. Kg1 $1 $11 {[%emt 0:00:00] [#]} Bb3 ({Black should play} 45... Bxf2+ $1 $11 46. Kxf2 Bb3) 46. Kf1 $17 Bxf2 47. Kxf2 d1=Q 48. Bxd1 Bxd1 {[%emt 0:00:02] KB-KB} 49. Bc3 Bxh5 50. Bd4 Bd1 51. Bc3 g5 52. Bb4 Kg7 53. Bc5 Kg6 54. Bf8 Bb3 55. Ke3 Bd5 56. Kf2 h5 57. Be7 Bb7 58. Bd8 f4 59. gxf4 gxf4 60. Bb6 Kf5 61. Bc5 Kg4 62. Bb6 h4 63. Bc5 h3 64. Kg1 Kg3 65. Bf2+ Kf3 {[%emt 0:00:03][%cal Oh3h2] ( -> ...h2+!)} 66. Bc5 Ke2 67. Bd6 f3 (67... Ke3 $17) 68. Bc5 $15 f2+ (68... Bc8 $15) 69. Bxf2 $11 h2+ 70. Kxh2 Kxf2 {[%emt 0:00:03] Weighted Error Value: White=0.12 (very precise) /Black=0.18 (very precise)} 1/2-1/2

[Event "26th Womens ECCC 2022"]
[Site "Mayrhofen"]
[Date "2022.10.06"]
[Round "4.9"]
[White "Mammadzada, Gunay"]
[Black "Kashlinskaya, Alina"]
[Result "0-1"]
[ECO "A50"]
[WhiteElo "2483"]
[BlackElo "2482"]
[Annotator "TA"]
[PlyCount "80"]
[EventDate "2022.10.03"]
[EventType "team-tourn"]
[EventCountry "AUT"]
[SourceTitle "playchess.com"]
[Source "ChessBase"]
[SourceQuality "1"]
[TimeControl "40/5400+30:1800+30"]

1. d4 Nf6 2. c4 g6 3. h4 Bg7 4. Nc3 d6 5. e4 O-O 6. Be2 c5 7. d5 e6 8. h5 exd5 {[%emt 0:00:04] E73: King's Indian: Averbakh Variation without 6...c5.} 9. exd5 Re8 10. h6 Bh8 {[%emt 0:00:05] The position is equal.} 11. Bg5 Qb6 12. b3 Ne4 13. Nxe4 Rxe4 14. Kf1 Nd7 15. Nf3 {[%emt 0:05:32] [#]} a5 $146 ({Predecessor:} 15... Re8 16. Rc1 Nf6 17. Bd3 Ne4 18. Bxe4 Rxe4 19. Nd2 Re8 20. Qf3 f5 21. Qg3 Bd7 {1-0 (87) Prraneeth,V (2409)-Vantika,A (2381) Budapest 2022}) 16. a4 Ne5 17. Nd2 Rd4 18. Be3 Bf5 19. Bxd4 cxd4 20. g4 Bd7 21. f4 d3 22. fxe5 dxe2+ 23. Qxe2 Bxe5 24. Re1 Rf8 25. Kg2 Qd4 26. Rh4 Qf4 27. Qe3 {[%emt 0:09:41] Against Qg3+} (27. Qd3 $1 $16) 27... g5 $1 $15 {[%emt 0:00:32][%mdl 64] Deflection. The board is on fire.} 28. Rhh1 {[%emt 0:07:16] Qxf4 is the strong threat.} ({Of course not} 28. Qxf4 Bxf4 29. Ne4 f5 30. Nxg5 Bxg5 $17) 28... Qxg4+ 29. Kf1 f6 {[%emt 0:05:04][%mdl 1024] Black has strong compensation.} (29... f5 $5 30. Re2 Bf6 $15) 30. Re2 (30. Ne4 $15) 30... Bf5 $17 {[%emt 0:04:24][%cal Ob7b6] Black is more active.} 31. Rg1 $2 (31. Rf2 $17 {was necessary.}) 31... Qh4 $1 $19 32. Qf2 {[%emt 0:01:14] And now Qxh4 would win.} Bh3+ ({Better is} 32... Qh3+ $19 33. Ke1 Qc3 $1) 33. Ke1 $17 {[%emt 0:00:01] aiming for Qxh4.} Qxh6 34. Kd1 (34. Rh1 $17) 34... Qg6 $19 35. Qe3 Bf5 36. Nf3 $2 {[%emt 0:00:34] [#]} (36. Ne4 {is a better defense.} g4 37. Nd2) 36... Bf4 $1 37. Qd4 {[%emt 0:00:26] [#]} (37. Nh4 Bxe3 38. Nxg6 Bxg1 39. Ne7+ Kf7 40. Nxf5) 37... Bg4 $1 {[%emt 0:00:31][%cal Rg6b1][%mdl 512] This bishop pair is nice. Black is clearly winning.} 38. Nd2 {[%emt 0:00:35] Prevents Qb1+.} (38. Ke1 Bxf3) 38... Bxe2+ 39. Kxe2 Re8+ 40. Kd1 Be3 {[%emt 0:00:42] Weighted Error Value: White=0.88/Black=0.12 (very precise)} 0-1

[Event "26th Womens ECCC 2022"]
[Site "Mayrhofen"]
[Date "2022.10.06"]
[Round "4.10"]
[White "Kiolbasa, Oliwia"]
[Black "Fataliyeva, Ulviyya"]
[Result "1/2-1/2"]
[ECO "B12"]
[WhiteElo "2404"]
[BlackElo "2422"]
[Annotator "TA"]
[PlyCount "83"]
[EventDate "2022.10.03"]
[EventType "team-tourn"]
[EventCountry "AUT"]
[SourceTitle "playchess.com"]
[Source "ChessBase"]
[SourceQuality "1"]
[TimeControl "40/5400+30:1800+30"]

1. e4 c6 2. d4 d5 3. e5 Bf5 4. h4 h5 5. Bd3 Bxd3 6. Qxd3 e6 7. Bg5 {[%emt 0:01:20] B12: Caro-Kann: Advance Variation.} Be7 8. Nf3 Nh6 9. Nc3 Nf5 10. Ne2 c5 11. c3 cxd4 12. Nexd4 Nxd4 13. cxd4 Qa5+ {[%emt 0:00:03] [#]} 14. Kf1 $146 ({Predecessor:} 14. Ke2 Qa6 15. Qxa6 Nxa6 16. Rhc1 f6 17. Bf4 Kd7 18. Rc3 Rac8 19. Rac1 Rxc3 20. Rxc3 {½-½ (41) Ter Sahakyan,S (2611)-Pantsulaia,L (2614) Mumbai 2019}) 14... Qa6 15. Qxa6 (15. Rd1 {seems wilder.} Kd7 16. Ke2 Nc6 17. Bxe7 Nxe7 18. Rc1) 15... Nxa6 16. Rc1 $1 Kd7 17. Ke2 Rac8 18. a3 Rc7 19. Rxc7+ Nxc7 20. Rc1 {[%emt 0:00:29] [#] aiming for Bxe7.} Bxg5 21. Nxg5 $11 {[%emt 0:03:23][%mdl 4096] Endgame KRN-KRN} f6 22. Nf3 Rh6 23. Kd3 Na8 {[%emt 0:03:37] The position is equal.} 24. Rg1 Nb6 25. g4 hxg4 26. Rxg4 Rh7 27. h5 Ke7 28. Nd2 Kf8 29. Rh4 g5 30. Rh1 fxe5 31. dxe5 Rf7 32. h6 {[%emt 0:06:13] [#] h7 is the strong threat.} Kg8 33. Rg1 Kh7 34. Rxg5 Kxh6 35. Rg8 Nd7 36. Re8 Kg5 37. Ke3 Kf5 $1 (37... Nxe5 $2 38. f4+ Kf6 39. fxe5+ Kxe5 40. Nf3+ Kf6 41. Rh8 $18) 38. f4 {[%emt 0:00:59] Black must now prevent Nf3.} Nf8 $1 39. Nf3 {[%emt 0:05:08] And now Ng5 would win.} Kg4 40. Nh2+ Kg3 41. Nf1+ Kg4 42. Nh2+ {[%emt 0:00:33] An even fight not without its subleties.  Weighted Error Value: White=0.04 (flawless) /Black=0.04 (flawless)} 1/2-1/2

[Event "26th Womens ECCC 2022"]
[Site "Mayrhofen"]
[Date "2022.10.06"]
[Round "4.11"]
[White "Mammadova, Gulnar"]
[Black "Cyfka, Karina"]
[Result "1/2-1/2"]
[ECO "C45"]
[WhiteElo "2389"]
[BlackElo "2347"]
[Annotator "TA"]
[PlyCount "91"]
[EventDate "2022.10.03"]
[EventType "team-tourn"]
[EventCountry "AUT"]
[SourceTitle "playchess.com"]
[Source "ChessBase"]
[SourceQuality "1"]
[TimeControl "40/5400+30:1800+30"]

1. e4 e5 2. Nf3 Nc6 3. d4 exd4 4. Nxd4 Nf6 5. Nxc6 bxc6 6. e5 Qe7 7. Qe2 Nd5 8. h4 Qe6 {[%emt 0:00:05] C45: Scotch Game.} 9. c4 Bb4+ (9... Nb6 $1 $15) 10. Nd2 Nf4 11. Qe4 Ng6 (11... Qg4 $2 12. g3 $18) 12. f4 {[%emt 0:04:48] [#]} f5 $146 (12... Qg4 $15) ({Predecessor:} 12... Ne7 13. a3 Bxd2+ 14. Bxd2 Rb8 15. O-O-O c5 16. Bd3 Bb7 17. Qe2 Nf5 18. Qg4 g6 {1-0 (30) Jober,R (1783)-Maugenest,G (2052) Europe Echecs INT 2021}) 13. Qf3 Rb8 14. h5 Ne7 (14... Nf8 $1 $11) 15. b3 (15. a3 $5 Bxd2+ 16. Bxd2 $16 (16. Kxd2 c5 $11)) 15... c5 16. Bb2 a5 17. Rd1 a4 18. bxa4 Bb7 19. Qe3 Bc6 20. Kf2 Bxa4 21. Nb3 Nc6 22. Bd3 Na5 23. g4 ({White should play} 23. Rc1 $15) 23... Nxc4 $17 24. Bxc4 Qxc4 25. Rc1 {[%emt 0:02:59] Inhibits Qc2+.} Qe6 26. gxf5 Qxf5 27. Rhg1 (27. e6 $17 Bc6 28. exd7+ Kxd7 29. Rhg1 (29. Rhd1+ $2 Kc8 $19) 29... Qxh5 30. Rxg7+ Kc8 31. Kg3) 27... Rg8 $2 ({Inferior is} 27... O-O 28. e6 g6 29. hxg6 $11) (27... Rf8 $19 28. e6 dxe6 29. Rxg7 Bxb3 30. axb3 Rd8) 28. Rg5 {[%emt 0:02:31] [#]} (28. e6 $1 $15 Qxe6 29. Qxe6+ dxe6 30. Be5) 28... Qf7 $2 (28... Qe6 $1 $19 29. f5 Qd5) 29. e6 $11 {[%emt 0:02:15] The board is on fire.} dxe6 30. Re5 (30. Be5 $11 {remains equal.}) 30... Bd7 $17 31. Rc2 (31. Qe4 $17 {is a better defense.}) 31... Rf8 $2 (31... g5 $1 $19 32. Nxc5 gxf4) 32. Kg3 {[%emt 0:02:03] [#]} c4 (32... g5 $1 $17 33. Rxg5 Rb5) 33. Nc5 $1 $11 Bxc5 34. Rxc5 Rb5 35. Rxb5 Bxb5 36. Ba3 Qf5 {[%emt 0:00:36] Against Qe4} 37. Rb2 $2 (37. Bxf8 $15 Qxc2 38. Bxg7) 37... Rf6 $19 38. Qf3 {[%emt 0:00:17] Threatens to win with Qa8+.} c6 39. Bd6 $2 (39. Bb4) 39... Qd3 $2 (39... c3 $1 $19 {[%cal Rc3b2] is more deadly.} 40. Rf2 c2) 40. Be5 $17 Rf5 {[%emt 0:00:40] And now ...Rxh5 would win.} 41. a4 $1 Qxf3+ $1 42. Kxf3 Bxa4 (42... c3 $1 $15 43. Bxc3 Bxa4) 43. Rb8+ $11 {[%emt 0:00:00] The position is equal.} Kd7 {[%emt 0:00:06] aiming for ...c5.} 44. Rb7+ Kc8 45. Rb8+ Kd7 {[%emt 0:00:03] White must now prevent ...c5.} 46. Rb7+ {[%emt 0:00:00] Weighted Error Value: White=0.32/Black=0.36} 1/2-1/2